Map: Dusk Towers

Players

Pokebunny - Winner!

  • Race: Terran Terran
  • League: Grandmaster

lmoeno

  • Race: Terran Terran
  • League: Master

VOD

Have the link to the VOD?

Description

Time

  • Played on: April 4, 2016, 6:14 p.m.
  • Length: 8:27
Show
View Real Time Build Order
Export as new Build Order

Pokebunny Terran - Winner!

Build Orders: Reaper Expand, MMM Bio 

Get SALT Encoding   

  12  0:01  SCV  
  13  0:13  SCV  
  14  0:17  Supply Depot  
  14  0:25  SCV  
  15  0:39  SCV  
  15  0:42  Barracks  
  16  0:44  Refinery  
  16  0:51  SCV  
  17  1:03  SCV  
  18  1:15  SCV  
  19  1:28  Orbital Command  
  19  1:29  Reaper  
  20  1:39  Command Center  
  20  1:46  Supply Depot  
  20  1:54  SCV  
  21  2:01  Marine  
  22  2:06  SCV  
  22  2:07  Factory  
  23  2:10  Refinery  
  23  2:18  Marine, SCV  
  25  2:31  SCV  
  25  2:37  Marine  
  25  2:43  SCV  
  27  2:51  Factory Tech Lab  
  27  2:52  Starport  
  27  2:54  Orbital Command  
  27  2:56  Marine, SCV  
  29  3:08  SCV  
  30  3:14  Marine  
  30  3:19  Siege Tank  
  34  3:23  SCV  
  34  3:24  SCV  
  36  3:27  Supply Depot  
  36  3:30  Viking  
  36  3:32  Barracks  
  38  3:35  Barracks Tech Lab  
  38  3:37  Barracks  
  39  3:41  SCV x2  
  39  3:43  Supply Depot  
  40  3:50  Refinery  
  40  3:55  Marine  
  41  3:57  Siege Tank  
  41  4:00  SCV x2  
  46  4:16  Marine  
  47  4:19  Viking  
  47  4:21  Marine  
  47  4:23  Marine  
  51  4:25  Supply Depot  
  51  4:26  SCV x2  
  53  4:33  Stimpack  
  53  4:34  Marine  
  53  4:39  Marine  
  53  4:41  Marine  
  53  4:43  SCV x2  
  57  4:49  Siege Tank  
  57  4:52  Marine  
  61  4:59  Engineering Bay  
  61  5:00  Barracks Reactor x2  
  61  5:09  Marine  
  61  5:12  SCV x2  
  62  5:15  Viking  
  62  5:20  Supply Depot  
  62  5:28  SCV x2  
  62  5:29  Siege Tank  
  62  5:33  Marine  
  67  5:40  SCV x2  
  67  5:41  Marine x2  
  67  5:42  Marine x2  
  71  5:50  Marine  
  71  5:55  Viking  
  71  5:59  Marine x3  
  71  6:00  Marine  
  71  6:01  Siege Tank, Supply Depot x2  
  78  6:07  SCV x2  
  77  6:11  Refinery, Marine  
  77  6:17  Marine  
  56  6:43  Marine  
  56  6:44  Marine x2  
  56  6:45  Marine, Medivac x2  
  56  6:46  Siege Tank  
  60  6:47  Combat Shields  
  60  6:48  SCV x2  
  62  6:58  Supply Depot  
  62  7:01  Marine x3, SCV x2  
  64  7:03  Supply Depot, Marine  
  68  7:15  Medivac x2, SCV  
  66  7:16  SCV  
  66  7:19  Marine x2  
  70  7:32  Marine x2  
  69  7:37  Marine  
  69  7:42  Marine  
  61  7:44  SCV x2  
  61  7:50  Viking x2, Marine x2  
  67  7:55  Marine  
  68  7:59  Marine  
  68  8:02  SCV x2  
  72  8:08  Marine x2  
  72  8:11  Command Center  
Show
View Real Time Build Order
Export as new Build Order

lmoeno Terran 

Build Orders: 1/1/1 

Get SALT Encoding   

  12  0:00  SCV  
  13  0:13  SCV  
  14  0:17  Supply Depot  
  14  0:25  SCV  
  15  0:29  Refinery  
  15  0:39  SCV  
  16  0:45  Barracks  
  16  0:51  SCV  
  16  0:57  Refinery  
  17  1:03  SCV  
  18  1:15  SCV  
  19  1:27  SCV  
  19  1:29  Supply Depot  
  20  1:36  Factory  
  20  1:37  Barracks Reactor  
  20  1:49  Orbital Command  
  20  2:13  Marine x2  
  22  2:15  SCV  
  22  2:21  Factory Tech Lab  
  22  2:22  Starport  
  23  2:28  SCV  
  24  2:31  Marine x2  
  25  2:39  Siege Tank  
  28  2:49  Supply Depot  
  28  2:50  Marine  
  30  2:52  Marine  
  30  2:55  SCV  
  31  3:10  Marine x2, Medivac  
  35  3:13  Siege Tank  
  35  3:18  Supply Depot  
  38  3:28  Marine  
  38  3:29  Marine  
  40  3:36  SCV  
  41  3:46  Siege Tank  
  44  3:55  Viking  
  46  3:58  Viking  
  45  4:19  Marine  
  46  4:25  Viking  
  44  4:48  Viking  
  46  4:55  Viking  
  46  5:18  Viking  
  48  5:25  Viking  
  50  5:29  Marine  
  51  5:40  Barracks  
  51  5:42  Barracks  
  51  5:47  Marine  
  51  5:48  Viking  
  54  5:55  Viking  
  52  6:04  Marine  
  53  6:16  Siege Tank  
  53  6:18  Viking  
  58  6:22  Marine  
  55  6:40  Marine  
  55  6:44  Viking  
  54  6:48  Viking  
  54  6:49  Marine x2  
  58  6:58  Marine  
  59  7:12  Siege Tank  
  62  7:16  Marine  
  63  7:24  Viking  
  63  7:25  Barracks Tech Lab  
  63  7:26  Barracks Reactor  
  63  7:27  Supply Depot  
  58  7:34  Marine  
  52  7:44  Viking  
  51  7:53  Marine  
  51  7:54  Marine  
  51  7:56  SCV  
  53  8:04  Marine  
  53  8:05  Marine  
Tags
 
Add a new tag
Caveats
  • Supply blocks, unpowered buildings, or Contaminate may cause inaccurate times.
  • Supply counts are checked every 10 seconds.